 Dungeon Crawl Stone Soup version 0.20-a0-350-ga83eecc (webtiles) character file.

2881 TheGoonsmith the Destroyer (level 9, -1/62 HPs)
             Began as a Demigod Conjurer on Dec 25, 2016.
             Killed by divine providence
             ... invoked by an orc priest
              (12 damage)
             ... on level 7 of the Dungeon.
             The game lasted 00:15:14 (9386 turns).

TheGoonsmith the Destroyer (Demigod Conjurer)       Turns: 9386, Time: 00:15:15

Health: -1/62      AC:  9    Str: 11    XL:     9   Next: 24%
Magic:  9/20       EV: 12    Int: 25    God:
Gold:   273        SH:  0    Dex: 16    Spells: 6/18 levels left

rFire  . . .     SeeInvis .     x - +1 flail (drain)
rCold  + . .     Gourm    .     d - +0 leather armour {rC+}
rNeg   . . .     Faith    .     (no shield)
rPois  .         Spirit   .     e - +1 helmet
rElec  .         Reflect  .     (no cloak)
rCorr  .         Harm     .     H - +2 pair of gloves
MR     .....                    l - +0 pair of boots
Stlth  ++........               (no amulet)
                                (no ring)
                                (no ring)

@: no status effects
A: high mp 1
a: no special abilities


You were on level 7 of the Dungeon.
You were not hungry.

You visited 1 branch of the dungeon, and saw 9 of its levels.
You also visited: Sewer.

You collected 273 gold pieces.

Inventory:

Hand Weapons
 f - a +3 dagger of venom
 h - a +1 vampiric dagger
 i - a +0 flail
 p - a cursed +0 quarterstaff
 s - a +0 blowgun
 w - a +2 dire flail of holy wrath
 x - a +1 flail of draining (weapon)
Missiles
 t - 26 poisoned needles
 A - 11 tomahawks (quivered)
Armour
 a - a +0 robe
 d - a +0 leather armour of cold resistance (worn)
 e - a +1 helmet (worn)
 l - a +0 pair of boots (worn)
 E - the cursed +0 chain mail "Vaca" {Str+6, unknown}
   (You found it on level 5 of the Dungeon)

   It affects your strength (+6).
   It has a curse placed upon it.
 H - a +2 pair of gloves (worn)
Magical Staves
 G - an uncursed staff of conjuration
 N - an uncursed staff of summoning {unknown}
Jewellery
 m - an uncursed ring of positive energy {unknown}
 y - an uncursed ring of magical power {unknown}
 M - an uncursed ring of poison resistance {unknown}
Wands
 B - a wand of confusion (9/48)
Scrolls
 n - a scroll of blinking
 v - 2 scrolls of teleportation
 z - a scroll of fear
 F - a scroll of recharging
 K - a scroll of identify {unknown}
 L - 2 scrolls of magic mapping
Potions
 g - a potion of berserk rage {unknown}
 j - a potion of agility {unknown}
 k - 4 potions of heal wounds
 o - 5 potions of flight
 q - 3 potions of might {unknown}
 r - 2 potions of curing
 u - a potion of cancellation {unknown}
 I - a potion of degeneration {unknown}
Books
 b - a book of Conjurations

   Spells                             Type                      Level
   a - Magic Dart                     Conjuration                  1
   b - Searing Ray                    Conjuration                  2
   c - Dazzling Spray                 Conjuration/Hexes            3
   d - Fulminant Prism                Conjuration/Hexes            4
   e - Iskenderun's Mystic Blast      Conjuration                  4
   f - Iskenderun's Battlesphere      Conjuration/Charms           5
Comestibles
 c - 7 bread rations
 C - 3 slices of pizza
 D - a meat ration
 J - a beef jerky
 O - 3 chunks of flesh


   Skills:
 - Level 1.7 Dodging
 - Level 1.7 Stealth
 + Level 5.3 Spellcasting
 - Level 8.0 Conjurations
 - Level 8.0 Charms


You had 6 spell levels left.
You knew the following spells:

 Your Spells              Type           Power        Failure   Level  Hunger
a - Magic Dart            Conj           ####         1%          1    None
b - Searing Ray           Conj           #####.       1%          2    None
c - Fulminant Prism       Conj/Hex       ####......   24%         4    ###....
z - Iskenderun's Battles  Conj/Chrm      #####...     14%         5    #####..


Dungeon Overview and Level Annotations

Branches:
Dungeon (9/15)
 Temple: D:4-7         Lair: D:8-11         Orc: D:9-12

Annotations:
D:9 Joseph


Innate Abilities, Weirdness & Mutations

You have an increased reservoir of magic. (+10% MP)


Message History

Press: ? - help, Shift-Dir - straight line, f/p - orc warrior
Aim: an orc warrior, wielding a flail and wearing a plate armour (heavily wounded)
The searing ray hits the orc warrior.
The orc warrior is heavily wounded.
The orc warrior throws a tomahawk.
The tomahawk hits you!
* * * LOW HITPOINT WARNING * * *
The searing ray hits the orc warrior.
The orc warrior is moderately wounded.
The searing ray hits the orc warrior.
The orc warrior is moderately wounded.
The orc warrior hits you with a flail.
* * * LOW HITPOINT WARNING * * *
The searing ray hits the orc warrior.
The orc warrior is almost dead.
The searing ray hits the orc priest.
The orc priest is almost dead.
You finish channeling your searing ray.
The orc priest calls down the wrath of Beogh upon you.
Beogh smites you!
You die...

##### #.#.###..## #.#.#......
......###...####.####.#.##.#.##
.
.............................##
#
......##......#..####.........#
..... #......#..## #.[........
.... #......#...# #.#.##....#
... ####.###.#.###)#.##....# ..
##.###.#..##.#.##....# .
#..oo@.##.############
#.o###.##..## #...........#
#..###.###.###♣♣ ###.(# #.#
#.....♣♣ .### #$o.o# #.#
#....P.♣♣ .......##[.# #.#
##...P.)♣
.......##..###.#####..P.♣.♣
.......o....o.......##♣♣♣


You could see an orc warrior, an orc priest and an orc wizard.

Vanquished Creatures
  The ghost of TheGoonsmith the Skirmisher, a novice OgWz of Dithmenos (D:7)
  Prince Ribbit (D:5)
  Edmund (D:5)
  An ice beast (D:6)
  A sky beast (D:4)
  2 phantoms (D:6)
  An ogre (D:7)
  A necrophage (D:7)
  2 big kobolds (Sewer)
  2 bullfrogs
  A gnoll sergeant (D:6)
  2 scorpions
  2 howler monkeys
  2 crimson imps
  A centaur zombie (D:6)
  A jelly (D:6)
  4 hounds
  2 bullfrog skeletons
  3 orc priests
  2 orc wizards
  Jessica (D:3)
  3 iguanas
  A worker ant (D:4)
  10 adders
  4 gnolls (D:6)
  A shadow imp (D:5)
  5 oozes
  3 worms
  3 dart slugs
  5 leopard geckos
  27 orcs
  11 giant cockroaches
  6 goblins
  7 hobgoblins
  18 jackals
  19 kobolds
  6 quokkas
  6 ball pythons
  A ball python skeleton (D:5)
  9 bats
  8 frilled lizards
  A quokka zombie (D:6)
  16 rats
204 creatures vanquished.

Notes
Turn   | Place    | Note
-------+----------+-------------------------------------------
     0 | D:1      | TheGoonsmith the Demigod Conjurer began the quest for the Orb.
     0 | D:1      | Reached XP level 1. HP: 14/14 MP: 5/5
   243 | D:1      | Reached XP level 2. HP: 20/20 MP: 5/7
  1324 | D:1      | Reached XP level 3. HP: 26/26 MP: 7/9
  1840 | D:2      | Learned a level 2 spell: Searing Ray
  2180 | D:2      | Reached XP level 4. HP: 33/33 MP: 8/11
  2201 | D:2      | Found a blossoming altar of Fedhas.
  2205 | D:2      | Found an ancient bone altar of Kikubaaqudgha.
  2298 | D:2      | Found a snail-covered altar of Cheibriados.
  2300 | D:2      | Found a shattered altar of Ashenzari.
  2301 | D:2      | Found an opulent altar of Gozag.
  3045 | D:3      | Noticed Jessica
  3472 | D:3      | Killed Jessica
  3472 | D:3      | Reached skill level 5 in Conjurations
  3472 | D:3      | Reached XP level 5. HP: 38/38 MP: 5/13
  4510 | D:4      | Reached XP level 6. HP: 45/45 MP: 10/15
  4548 | D:4      | Found a glowing drain.
  4561 | Sewer    | Entered a sewer
  5456 | D:4      | Reached skill level 5 in Spellcasting
  5456 | D:4      | Reached XP level 7. HP: 50/50 MP: 2/17
  5664 | D:4      | Learned a level 5 spell: Iskenderun's Battlesphere
  5890 | D:4      | Reached skill level 1 in Charms
  6793 | D:5      | Entered Level 5 of the Dungeon
  6805 | D:5      | Noticed Edmund
  6823 | D:5      | Killed Edmund
  7037 | D:5      | Got a heavily runed chain mail
  7108 | D:5      | Noticed Prince Ribbit
  7116 | D:5      | Killed Prince Ribbit
  7116 | D:5      | Reached XP level 8. HP: 57/57 MP: 2/19
  7956 | D:6      | You fall through a shaft for 3 floors!
  7956 | D:9      | Noticed Joseph
  7956 | D:9      | Noticed a two-headed ogre
  8009 | D:8      | Found a stormy altar of Qazlal.
  8187 | D:7      | Noticed TheGoonsmith's ghost (novice OgWz)
  8240 | D:7      | Killed TheGoonsmith's ghost
  8709 | D:6      | Reached XP level 9. HP: 52/62 MP: 11/20
  9238 | D:7      | Learned a level 4 spell: Fulminant Prism
  9386 | D:7      | Killed from afar by an orc priest

Vault maps used:
D:1:      onia_arrival_larder, serial_forest, infiniplex_forest_lined_corner,
          infiniplex_forest_clump_double, infiniplex_forest_end_1,
          infiniplex_forest_lined_room_3, infiniplex_forest_zigzag_1,
          infiniplex_forest_3_way, infiniplex_forest_clump_C, minmay_distorted
D:2:      grunt_temple_overflow_growth_and_decay, grunt_temple_overflow_open
D:3:      first_bread, uniq_jessica
D:4:      portal_sewer_entry_a, minmay_misc_feat_nine_boxes
D:5:      corexii_leaking_fountain, hangedman_decor_peaks_small, uniq_edmund,
          uniq_prince_ribbit1
D:7:      uniq_crazy_yiuf_cottage
D:8:      nicolae_qazlal_general_emergency, serial_shops, shop,
          nicolae_lava_and_water, kennysheep_generic_room_8, uniq_pikel
D:9:      cheibrodos_two_vegetables, kennysheep_mini, serial_shops,
          shop_fountains, uniq_psyche, uniq_joseph
Sewer:    kennysheep_pipe_town

Skill      XL: |  1  2  3  4  5  6  7  8  9 |
---------------+----------------------------+-----
Spellcasting   | 2 3 4 5 |  5.3
Conjurations   | 4 5 6 7 8 |  8.0
Charms         | 3 7 8 |  8.0
Dodging        | |  1.7
Stealth        | |  1.7

Action                   |  1- 3 |  4- 6 |  7- 9 || total
-------------------------+-------+-------+-------++-------
Melee: Unarmed           |     8 |       |       ||     8
       Dagger            |       |    20 |     9 ||    29
       Flail             |       |       |    32 ||    32
       Dire flail        |       |       |    10 ||    10
 Cast: Magic Dart        |   102 |   183 |   200 ||   485
       Searing Ray       |       |     5 |    21 ||    26
       Iskenderun's Batt |       |       |     1 ||     1
  Use: Scroll            |     3 |     3 |     6 ||    12
       Potion            |       |     3 |     5 ||     8
  Eat: Chunk             |     4 |     8 |     7 ||    19
       Bread ration      |       |     1 |       ||     1
       Meat ration       |       |       |     1 ||     1
Armor: Robe              |     5 |     5 |       ||    10
       Leather armour    |       |    13 |    41 ||    54
Dodge: Dodged            |    16 |    47 |    84 ||   147
